 Dungeon Crawl Stone Soup version 0.29.0-13-gc9e81de378 (webtiles) character file.

Game seed: 6084744758088658981

86 groovy9 the Chopper (level 4, -3/39 HPs)
             Began as a Hill Orc Fighter on Sept 11, 2022.
             Slain by an orc
             ... wielding a +0 trident
              (4 damage)
             ... on level 3 of the Dungeon.
             The game lasted 00:04:49 (1615 turns).

groovy9 the Chopper (Hill Orc Fighter)              Turns: 1615, Time: 00:04:50

Health: -3/39      AC:  6    Str: 15    XL:     4   Next: 49%
Magic:  4/4        EV:  8    Int: 15    God:
Gold:   93         SH:  9    Dex:  9    Spells: 3/3 levels left

rFire   . . .      SeeInvis .   a - +6 broad axe of the Tundras {freeze, rElec Str-4 Int+3}
rCold   . . .      Faith    .   c - +0 buckler
rNeg    . . .      Spirit   .   h - +0 scale mail
rPois   .          Reflect  +   (no helmet)
rElec   +          Harm     .   (no cloak)
rCorr   .          Rampage  .   (no gloves)
Will    .....      Clarity  +   (no boots)
Stlth   ..........              j - amulet of reflection
HPRegen 0.13/turn               (no ring)
MPRegen 0.09/turn               (no ring)

@: no status effects
A: clarity, clever 1
a: no special abilities


You were on level 3 of the Dungeon.
You visited 1 branch of the dungeon, and saw 3 of its levels.

You collected 93 gold pieces.

Inventory:

Hand Weapons
 a - the +6 broad axe of the Tundras (weapon) {freeze, rElec Str-4 Int+3}
   (You acquired it on level 2 of the Dungeon)

   It freezes those it strikes, dealing additional cold damage.
   It can also slow down cold-blooded creatures.
   Str:       It affects your strength (-4).
   Int:       It affects your intelligence (+3).
   rElec:     It insulates you from electricity.
 b - the +3 sling of the Other Side {vorpal, rElec SInv}
   (You found it on level 2 of the Dungeon)

   Any ammunition fired from it inflicts extra damage upon your enemies.
   rElec:     It insulates you from electricity.
   SInv:      It lets you see invisible.
 e - a +0 war axe
Armour
 c - a +0 buckler (worn)
 h - a +0 scale mail (worn)
Jewellery
 j - an amulet of reflection (around neck)
Scrolls
 f - a scroll of brand weapon {unknown}
 g - 3 scrolls of teleportation
Potions
 d - a potion of might


   Skills:
 - Level 3.6 Fighting
 + Level 6.1 Axes
 - Level 3.2 Armour
 - Level 3.2 Shields


You had 3 spell levels left.
You didn't know any spells.
Your spell library was empty.

Dungeon Overview and Level Annotations

Branches:
Dungeon (3/15)

Altars:


Innate Abilities, Weirdness & Mutations

You possess an exceptional clarity of mind.
Your mind is acute. (Int +4, Str/Dex -1)


Message History

You are too injured to fight recklessly!
You are too injured to fight recklessly!
You are too injured to fight recklessly!
You are too injured to fight recklessly!
You are too injured to fight recklessly!
You are too injured to fight recklessly!
You are too injured to fight recklessly!
You are too injured to fight recklessly!
You are too injured to fight recklessly!
You slash the hobgoblin! You freeze the hobgoblin.
You kill the hobgoblin!
You barely miss the orc. You block the orc's attack.
The orc hits you from afar with a +0 trident.
The orc hits you with a +3 whip.
The orc hits you from afar with a +0 trident.
You block the orc's attack.
You closely miss the orc. You slash the orc! You freeze the orc.
You kill the orc!
You block the orc's attack. The orc barely misses you.
You hit the orc but do no damage.
A goblin comes into view. It is wielding a +0 dagger.
The orc hits you from afar with a +0 trident.
You block the orc's attack.
You barely miss the orc. You slash the orc! You freeze the orc.
You kill the orc!
The orc hits you from afar with a +0 trident.
The orc hits you with a +0 hand axe.
You barely miss the orc. You barely miss the goblin.
The goblin hits you with a +0 club.
* * * LOW HITPOINT WARNING * * *
The orc hits you with a +0 hand axe.
* * * LOW HITPOINT WARNING * * *
The orc barely misses you.
The orc hits you from afar with a +0 trident.
* * * LOW HITPOINT WARNING * * *
The orc hits you with a +0 hand axe.
* * * LOW HITPOINT WARNING * * *
The goblin closely misses you.
The orc hits you from afar with a +0 trident.
You die...

#.#..# ... #.#.##
.. ##...# .
#..### ####..#
..####.....#####
#................
.............####
..#...#.@...###
....#.#.....<...
.#. #.go[o..####
.. #.?......# .
$...g.......
..###.........
#... #.........
#.. #...##.?## ..
..#.. ..#


You could see 2 orcs and 2 goblins.

Vanquished Creatures
  An adder (D:2)
  A worm (D:2)
  2 dart slugs (D:1)
  2 orcs (D:3)
  6 ball pythons
  4 bats
  7 endoplasms
  2 giant cockroaches
  7 goblins
  A hobgoblin (D:3)
  10 jackals
  2 quokkas (D:2)
  6 frilled lizards
  6 kobolds
  4 rats (D:2)
61 creatures vanquished.

Notes
Turn   | Place    | Note
-------+----------+-------------------------------------------
     0 | D:1      | groovy9 the Hill Orc Fighter began the quest for the Orb.
     0 | D:1      | Reached XP level 1. HP: 19/19 MP: 1/1
    41 | D:1      | Reached skill level 3 in Axes
    91 | D:1      | Reached XP level 2. HP: 24/26 MP: 2/2
   244 | D:1      | Reached skill level 4 in Axes
   531 | D:1      | Reached XP level 3. HP: 26/31 MP: 3/3
   738 | D:1      | Gained mutation: You possess an exceptional clarity of
                  | mind. [potion of mutation]
   738 | D:1      | Gained mutation: Your mind is acute. (Int +4, Str/Dex -1)
                  | [potion of mutation]
   817 | D:2      | Reached skill level 5 in Axes
   883 | D:2      | Identified the +3 sling of the Other Side {vorpal, rElec
                  | SInv}
  1100 | D:2      | Reached XP level 4. HP: 22/39 MP: 4/4
  1138 | D:2      | Reached skill level 6 in Axes
  1553 | D:2      | Identified a scroll of acquirement
  1553 | D:2      | Acquired the +6 broad axe of the Tundras {freeze, rElec
                  | Str-4 Int+3}
  1614 | D:3      | HP: 1/39 [orc/+0 hand axe (3)]
  1615 | D:3      | Slain by an orc

Illustrated notes

Levels and vault maps discovered:
D:1:      ncdulo_watergridlock, layout_rooms
D:2:      layout_rooms, serial_aquarium, aquarium_bridge_island_small
          [aquarium_subvault_small_open, aquarium_subvault_bridge,
          aquarium_subvault_window, aquarium_subvault_window,
          aquarium_subvault_wall], aquarium_window_1, aquarium_window_1,
          aquarium_window_fake, aquarium_view_2c, aquarium_view_2f,
          aquarium_balcony_3b, aquarium_pool_2, minmay_joined_circles
D:3:      layout_rooms, tso_metal_star, hellmonk_ecumenical_altar_watching_god

Skill      XL: |  1  2  3  4 |
---------------+-------------+-----
Axes           | 3 4 5 6 |  6.1
Fighting       | |  3.6
Armour         | |  3.2
Shields        | |  3.2

Action                   |  1- 3 |  4- 6 || total
-------------------------+-------+-------++-------
Melee: War axe           |   116 |    32 ||   148
       Broad axe         |       |     7 ||     7
  Use: Potion            |     2 |     1 ||     3
       Scroll            |     1 |     3 ||     4
Armor: Scale mail        |    72 |    15 ||    87
Dodge: Dodged            |    51 |    13 ||    64
Block: Buckler           |    24 |    22 ||    46
       Reflection        |       |     2 ||     2
